Workbook

Sheet ACC's 2024 - 25
B2: ACCOUNTS FOR St MARGARET'S CHURCH WHITING BAY ISLE OF ARRAN TAX YEAR 2024 - 2025
A4: DATE | B4: INCOME | K4: EXPENDITURE
C5: DONATIONS | D5: WEEKLY COLLECTIONS | E5: EPISC DIOCESE | F5: GIFT AID | G5: SUNDRY | H5: TOTAL INCOME | I5: TOTAL | L5: CHQ No. | M5: OVO ENERGY | N5: MARY'S MEALS | O5: EPISCOPAL DIOCESE | P5: ECLESIASTICAL | Q5: REDEMPT. PUBLICATIONS | R5: GARDEN SERVICES | S5: CHRIST CHURCH LOCHGILHEAD | T5: SUNDRY EX'P'S | U5: REFUND OF VICAR'S EXPS'S | V5: TOTAL | W5: BALANCE @ BANK | X5: DATE CHEQUE PAID
A6: 45566 | B6: Balance carried forward | I6: 9922.04 | W6: =I6 -> 9922.04
A7: 45566 | I7: =SUM(C7:G7) -> 0 | K7: Direct debit | M7: 164 | V7: =SUM(M7:U7) -> 164 | W7: =W6+I7-V7 -> 9758.04
A8: 45567 | B8: Cruickshank AL | C8: 30 | I8: =SUM(C8:G8) -> 30 | V8: =SUM(M8:T8) -> 0 | W8: =W7+I8-V8 -> 9788.04
A9: 45571 | I9: =SUM(C9:G9) -> 0 | K9: Redempt. Pubs | L9: 1063 | Q9: 69 | V9: =SUM(M9:T9) -> 69 | W9: =W8+I9-V9 -> 9719.04 | X9: 45583
A10: 45572 | B10: Boughton BN & ME | C10: 60 | I10: =SUM(C10:G10) -> 60 | V10: =SUM(M10:T10) -> 0 | W10: =W9+I10-V10 -> 9779.04
A11: 45572 | B11: Auto credit | D11: 106 | I11: =SUM(C11:G11) -> 106 | V11: =SUM(M11:T11) -> 0 | W11: =W10+I11-V11 -> 9885.04
A12: 45579 | B12: Auto credit | D12: 60 | I12: =SUM(C12:G12) -> 60 | V12: =SUM(M12:T12) -> 0 | W12: =W11+I12-V12 -> 9945.04
A13: 45579 | I13: =SUM(C13:G13) -> 0 | K13: Direct debit | N13: 10 | V13: =SUM(M13:T13) -> 10 | W13: =W12+I13-V13 -> 9935.04
A14: 45580 | B14: Tweedale R & M | C14: 150 | I14: =SUM(C14:G14) -> 150 | V14: =SUM(M14:T14) -> 0 | W14: =W13+I14-V14 -> 10085.04
A15: 45580 | I15: =SUM(C15:G15) -> 0 | K15: Standing order | O15: 276.6 | V15: =SUM(M15:T15) -> 276.6 | W15: =W14+I15-V15 -> 9808.44
A16: 45587 | I16: =SUM(C16:G16) -> 0 | K16: Refund bill paid Wyvex Media | L16: 1064 | S16: 150 | V16: =SUM(M16:T16) -> 150 | W16: =W15+I16-V16 -> 9658.44 | X16: 45596
A17: 45589 | B17: OnLine transaction | E17: 400 | I17: =SUM(C17:G17) -> 400 | V17: =SUM(M17:T17) -> 0 | W17: =W16+I17-V17 -> 10058.44
A18: 45590 | B18: Boughton BN & ME | C18: 25 | I18: =SUM(C18:G18) -> 25 | V18: =SUM(M18:T18) -> 0 | W18: =W17+I18-V18 -> 10083.44
A19: 45595 | B19: Cruickshank AL | C19: 30 | I19: =SUM(C19:G19) -> 30 | V19: =SUM(M19:T19) -> 0 | W19: =W18+I19-V19 -> 10113.44
A20: 45595 | B20: Roberts B | C20: 80 | I20: =SUM(C20:G20) -> 80 | V20: =SUM(M20:T20) -> 0 | W20: =W19+I20-V20 -> 10193.44 | Y20: Balance agreed with bank
A21: 45597 | I21: =SUM(C21:G21) -> 0 | K21: Direct debit | M21: 164 | V21: =SUM(M21:T21) -> 164 | W21: =W20+I21-V21 -> 10029.44
A22: 45607 | I22: =SUM(C22:G22) -> 0 | K22: Direct debit | N22: 10 | V22: =SUM(M22:T22) -> 10 | W22: =W21+I22-V22 -> 10019.44
A23: 45611 | B23: Tweedale R & M | C23: 150 | I23: =SUM(C23:G23) -> 150 | V23: =SUM(M23:T23) -> 0 | W23: =W22+I23-V23 -> 10169.44
A24: 45611 | I24: =SUM(C24:G24) -> 0 | K24: Standing order | O24: 276.6 | V24: =SUM(M24:T24) -> 276.6 | W24: =W23+I24-V24 -> 9892.84
A25: 45617 | I25: =SUM(C25:G25) -> 0 | K25: Direct debit | P25: 751.41 | V25: =SUM(M25:T25) -> 751.41 | W25: =W24+I25-V25 -> 9141.43
A26: 45621 | B26: Boughton BN & ME | C26: 25 | I26: =SUM(C26:G26) -> 25 | V26: =SUM(M26:T26) -> 0 | W26: =W25+I26-V26 -> 9166.43
A27: 45623 | B27: Cruickshank AL | C27: 30 | I27: =SUM(C27:G27) -> 30 | V27: =SUM(M27:T27) -> 0 | W27: =W26+I27-V27 -> 9196.43 | Y27: Balance agreed with bank
A28: 45624 | I28: =SUM(C28:G28) -> 0 | K28: Advent Candles | T28: 16.3 | V28: =SUM(M28:T28) -> 16.3 | W28: =W27+I28-V28 -> 9180.13 | X28: 45646
A29: 45628 | B29: Roberts B | C29: 80 | I29: =SUM(C29:G29) -> 80 | V29: =SUM(M29:T29) -> 0 | W29: =W28+I29-V29 -> 9260.13
A30: 45628 | I30: =SUM(C30:G30) -> 0 | K30: Ryan Armstrong | R30: 420 | V30: =SUM(M30:T30) -> 420 | W30: =W29+I30-V30 -> 8840.13 | X30: 45706
A31: 45628 | I31: =SUM(C31:G31) -> 0 | K31: Direct debit | M31: 164 | V31: =SUM(M31:T31) -> 164 | W31: =W30+I31-V31 -> 8676.13
A32: 45631 | B32: Boughton BN & ME | C32: 1000 | I32: =SUM(C32:G32) -> 1000 | V32: =SUM(M32:T32) -> 0 | W32: =W31+I32-V32 -> 9676.13
A33: 45631 | B33: Boughton BN & ME | C33: 1000 | I33: =SUM(C33:G33) -> 1000 | V33: =SUM(M33:T33) -> 0 | W33: =W32+I33-V33 -> 10676.13
A34: 45642 | B34: Tweedale R & M | C34: 150 | I34: =SUM(C34:G34) -> 150 | K34: Direct debit | N34: 10 | V34: =SUM(M34:T34) -> 10 | W34: =W33+I34-V34 -> 10816.13
A35: 45642 | B35: Auto credit | D35: 185 | I35: =SUM(C35:G35) -> 185 | V35: =SUM(M35:T35) -> 0 | W35: =W34+I35-V35 -> 11001.13
A36: 45642 | I36: =SUM(C36:G36) -> 0 | K36: Standing order | O36: 276.6 | V36: =SUM(M36:T36) -> 276.6 | W36: =W35+I36-V36 -> 10724.53
A37: 45653 | B37: Boughton BN & ME | C37: 25 | I37: =SUM(C37:G37) -> 25 | V37: =SUM(M37:T37) -> 0 | W37: =W36+I37-V37 -> 10749.53
A38: 45653 | B38: Cruickshank AL | C38: 30 | I38: =SUM(C38:G38) -> 30 | V38: =SUM(M38:T38) -> 0 | W38: =W37+I38-V38 -> 10779.53
A39: 45656 | B39: Roberts B | C39: 80 | I39: =SUM(C39:G39) -> 80 | V39: =SUM(M39:T39) -> 0 | W39: =W38+I39-V39 -> 10859.53
A40: 45659 | I40: =SUM(C40:G40) -> 0 | K40: Direct debit | M40: 102 | V40: =SUM(M40:T40) -> 102 | W40: =W39+I40-V40 -> 10757.53
A41: 45670 | B41: Auto credit | D41: 50 | I41: =SUM(C41:G41) -> 50 | V41: =SUM(M41:T41) -> 0 | W41: =W40+I41-V41 -> 10807.53
A42: 46004 | B42: Auto credit | D42: 35 | I42: =SUM(C42:G42) -> 35 | V42: =SUM(M42:T42) -> 0 | W42: =W41+I42-V42 -> 10842.53
A43: 46004 | I43: =SUM(C43:G43) -> 0 | K43: Direct debit | N43: 10 | V43: =SUM(M43:T43) -> 10 | W43: =W42+I43-V43 -> 10832.53
A44: 45672 | B44: Tweedale R & M | C44: 150 | I44: =SUM(C44:G44) -> 150 | V44: =SUM(M44:T44) -> 0 | W44: =W43+I44-V44 -> 10982.53
A45: 45677 | B45: Boughton BN & ME | C45: 60 | I45: =SUM(C45:G45) -> 60 | V45: =SUM(M45:T45) -> 0 | W45: =W44+I45-V45 -> 11042.53
A46: 45679 | B46: Cruickshank AL | C46: 30 | I46: =SUM(C46:G46) -> 30 | V46: =SUM(M46:T46) -> 0 | W46: =W45+I46-V46 -> 11072.53
A47: 45684 | B47: Boughton BN & ME | C47: 25 | I47: =SUM(C47:G47) -> 25 | V47: =SUM(M47:T47) -> 0 | W47: =W46+I47-V47 -> 11097.53
A48: 45687 | B48: Roberts B | C48: 80 | I48: =SUM(C48:G48) -> 80 | V48: =SUM(M48:T48) -> 0 | W48: =W47+I48-V48 -> 11177.53
A49: 45691 | I49: =SUM(C49:G49) -> 0 | K49: Direct debit | M49: 102 | V49: =SUM(M49:T49) -> 102 | W49: =W48+I49-V49 -> 11075.53
A50: 45699 | I50: =SUM(C50:G50) -> 0 | K50: Direct debit | N50: 10 | V50: =SUM(M50:T50) -> 10 | W50: =W49+I50-V50 -> 11065.53
A51: 45702 | B51: General Synod Grant | G51: 4000 | I51: =SUM(C51:G51) -> 4000 | V51: =SUM(M51:T51) -> 0 | W51: =W50+I51-V51 -> 15065.53
A52: 45705 | B52: Tweedale R & M | C52: 150 | I52: =SUM(C52:G52) -> 150 | V52: =SUM(M52:T52) -> 0 | W52: =W51+I52-V52 -> 15215.53
A53: 45707 | B53: Cruickshank AL | C53: 30 | I53: =SUM(C53:G53) -> 30 | V53: =SUM(M53:T53) -> 0 | W53: =W52+I53-V53 -> 15245.53
A54: 45709 | B54: Boughton BN & ME | C54: 60 | I54: =SUM(C54:G54) -> 60 | V54: =SUM(M54:T54) -> 0 | W54: =W53+I54-V54 -> 15305.53
A55: 45709 | B55: General Synod Grant | G55: 14.04 | I55: =SUM(C55:G55) -> 14.04 | V55: =SUM(M55:T55) -> 0 | W55: =W54+I55-V55 -> 15319.57
A56: 45713 | B56: Boughton BN & ME | C56: 25 | I56: =SUM(C56:G56) -> 25 | V56: =SUM(M56:T56) -> 0 | W56: =W55+I56-V56 -> 15344.57
A57: 45716 | B57: Roberts B | C57: 80 | I57: =SUM(C57:G57) -> 80 | V57: =SUM(M57:T57) -> 0 | W57: =W56+I57-V57 -> 15424.57 | Y57: Balance agreed with bank
A58: 45719 | B58: Boughton BN & ME | C58: 75 | I58: =SUM(C58:G58) -> 75 | V58: =SUM(M58:T58) -> 0 | W58: =W57+I58-V58 -> 15499.57
A59: 45719 | I59: =SUM(C59:G59) -> 0 | K59: Direct debit | M59: 102 | V59: =SUM(M59:T59) -> 102 | W59: =W58+I59-V59 -> 15397.57
A60: 45728 | I60: =SUM(C60:G60) -> 0 | K60: Direct debit | N60: 10 | V60: =SUM(M60:T60) -> 10 | W60: =W59+I60-V60 -> 15387.57
A61: 45732 | I61: =SUM(C61:G61) -> 0 | K61: Glenburn Gardens Ltd | L61: 1067 | R61: 420 | V61: =SUM(M61:T61) -> 420 | W61: =W60+I61-V61 -> 14967.57 | X61: 45744
A62: 45733 | B62: Tweedale R & M | C62: 150 | I62: =SUM(C62:G62) -> 150 | V62: =SUM(M62:T62) -> 0 | W62: =W61+I62-V62 -> 15117.57
A63: 45733 | I63: =SUM(C63:G63) -> 0 | K63: Standing order | O63: 332.1 | V63: =SUM(M63:T63) -> 332.1 | W63: =W62+I63-V63 -> 14785.47
A64: 45735 | B64: Cruickshank AL | C64: 30 | I64: =SUM(C64:G64) -> 30 | V64: =SUM(M64:T64) -> 0 | W64: =W63+I64-V64 -> 14815.47
A65: 45741 | B65: Boughton BN & ME | C65: 25 | I65: =SUM(C65:G65) -> 25 | V65: =SUM(M65:T65) -> 0 | W65: =W64+I65-V65 -> 14840.47
A66: 45743 | B66: Armstrong R Refund Chq | G66: 420 | I66: =SUM(C66:G66) -> 420 | V66: =SUM(M66:T66) -> 0 | W66: =W65+I66-V66 -> 15260.47
A67: 45747 | B67: Roberts B | C67: 80 | I67: =SUM(C67:G67) -> 80 | V67: =SUM(M67:T67) -> 0 | W67: =W66+I67-V67 -> 15340.47
A68: 45748 | I68: =SUM(C68:G68) -> 0 | K68: Direct debit | M68: 102 | V68: =SUM(M68:T68) -> 102 | W68: =W67+I68-V68 -> 15238.47
A69: 45749 | B69: OnLine transaction | E69: 500 | I69: =SUM(C69:G69) -> 500 | V69: =SUM(M69:T69) -> 0 | W69: =W68+I69-V69 -> 15738.47
A70: 45751 | I70: =SUM(C70:G70) -> 0 | K70: Redemptorist Pubs.(Annual Subs) | Q70: 34.95 | V70: =SUM(M70:T70) -> 34.95 | W70: =W69+I70-V70 -> 15703.52 | X70: 45763
A71: 45754 | B71: Auto credit | D71: 1275 | I71: =SUM(C71:G71) -> 1275 | V71: =SUM(M71:T71) -> 0 | W71: =W70+I71-V71 -> 16978.52
A72: 45761 | I72: =SUM(C72:G72) -> 0 | K72: Direct debit | N72: 10 | V72: =SUM(M72:T72) -> 10 | W72: =W71+I72-V72 -> 16968.52
A73: 45762 | B73: Tweedale R & M | C73: 150 | I73: =SUM(C73:G73) -> 150 | V73: =SUM(M73:T73) -> 0 | W73: =W72+I73-V73 -> 17118.52
A74: 45762 | I74: =SUM(C74:G74) -> 0 | K74: Standing order | O74: 332.1 | V74: =SUM(M74:T74) -> 332.1 | W74: =W73+I74-V74 -> 16786.42
A75: 45763 | B75: Cruickshank AL | C75: 30 | I75: =SUM(C75:G75) -> 30 | V75: =SUM(M75:T75) -> 0 | W75: =W74+I75-V75 -> 16816.42
A76: 45767 | I76: =SUM(C76:G76) -> 0 | K76: D & G Fire Protection | T76: 42 | V76: =SUM(M76:T76) -> 42 | W76: =W75+I76-V76 -> 16774.42 | X76: 45770
A77: 45772 | B77: Boughton BN & ME | C77: 25 | I77: =SUM(C77:G77) -> 25 | V77: =SUM(M77:T77) -> 0 | W77: =W76+I77-V77 -> 16799.42
A78: 45775 | B78: Boughton BN & ME | C78: 60 | I78: =SUM(C78:G78) -> 60 | V78: =SUM(M78:T78) -> 0 | W78: =W77+I78-V78 -> 16859.42
A79: 45775 | B79: Auto credit | D79: 145 | I79: =SUM(C79:G79) -> 145 | V79: =SUM(M79:T79) -> 0 | W79: =W78+I79-V79 -> 17004.42
A80: 45777 | B80: Roberts B | C80: 80 | I80: =SUM(C80:G80) -> 80 | V80: =SUM(M80:T80) -> 0 | W80: =W79+I80-V80 -> 17084.42 | Y80: Balanced agreed with bank
A81: 45778 | I81: =SUM(C81:G81) -> 0 | K81: Direct debit | M81: 102 | V81: =SUM(M81:T81) -> 102 | W81: =W80+I81-V81 -> 16982.42
A82: 45789 | I82: =SUM(C82:G82) -> 0 | K82: Direct debit | N82: 10 | V82: =SUM(M82:T82) -> 10 | W82: =W81+I82-V82 -> 16972.42
A83: 45791 | B83: Cruickshank AL | C83: 30 | I83: =SUM(C83:G83) -> 30 | V83: =SUM(M83:T83) -> 0 | W83: =W82+I83-V83 -> 17002.42
A84: 45792 | B84: Tweedale R & M | C84: 150 | I84: =SUM(C84:G84) -> 150 | V84: =SUM(M84:T84) -> 0 | W84: =W83+I84-V84 -> 17152.42
A85: 45792 | I85: =SUM(C85:G85) -> 0 | K85: Standing order | O85: 332.1 | V85: =SUM(M85:T85) -> 332.1 | W85: =W84+I85-V85 -> 16820.32
A86: 45804 | B86: Boughton BN & ME | C86: 25 | I86: =SUM(C86:G86) -> 25 | V86: =SUM(M86:T86) -> 0 | W86: =W85+I86-V86 -> 16845.32
A87: 45805 | B87: Boughton BN & ME | C87: 60 | I87: =SUM(C87:G87) -> 60 | V87: =SUM(M87:T87) -> 0 | W87: =W86+I87-V87 -> 16905.32
A88: 45807 | B88: Roberts B | C88: 80 | I88: =SUM(C88:G88) -> 80 | V88: =SUM(M88:T88) -> 0 | W88: 16985.32
A89: 45810 | B89: Boughton BN &ME | C89: 75 | I89: =SUM(C89:G89) -> 75 | V89: =SUM(M89:T89) -> 0 | W89: =W88+I89-V89 -> 17060.32
A90: 45810 | I90: =SUM(C90:G90) -> 0 | K90: Direct debit | M90: 102 | V90: =SUM(M90:T90) -> 102 | W90: =W89+I90-V90 -> 16958.32
A91: 45819 | B91: Cruickshank AL | C91: 30 | I91: =SUM(C91:G91) -> 30 | V91: =SUM(M91:T91) -> 0 | W91: =W90+I91-V91 -> 16988.32
A92: 45819 | I92: =SUM(C92:G92) -> 0 | K92: Direct debit | N92: 10 | V92: =SUM(M92:T92) -> 10 | W92: =W91+I92-V92 -> 16978.32
A93: 45824 | B93: Tweedale R & M | C93: 150 | I93: =SUM(C93:G93) -> 150 | V93: =SUM(M93:T93) -> 0 | W93: =W92+I93-V93 -> 17128.32
A94: 45824 | I94: =SUM(C94:G94) -> 0 | K94: Direct debit | O94: 332.1 | V94: =SUM(M94:T94) -> 332.1 | W94: =W93+I94-V94 -> 16796.22
A95: 45833 | B95: Boughton BN &ME | C95: 25 | I95: =SUM(C95:G95) -> 25 | V95: =SUM(M95:T95) -> 0 | W95: =W94+I95-V95 -> 16821.22
A96: 45838 | B96: Roberts B | C96: 80 | I96: =SUM(C96:G96) -> 80 | V96: =SUM(M96:T96) -> 0 | W96: =W95+I96-V96 -> 16901.22 | Y96: Balance agreed with bank
A97: 45839 | I97: =SUM(C97:G97) -> 0 | K97: Direct deb it | M97: 102 | V97: =SUM(M97:T97) -> 102 | W97: =W96+I97-V97 -> 16799.22
A98: 45840 | B98: HMRC Refund of GIFT AID | F98: 1717.66 | I98: =SUM(C98:F98) -> 1717.66 | V98: =SUM(M98:T98) -> 0 | W98: =W97+I98-V98 -> 18516.88
A99: 45841 | B99: Boughton BN &ME | C99: 60 | I99: =SUM(C99:G99) -> 60 | V99: =SUM(M99:T99) -> 0 | W99: =W98+I99-V99 -> 18576.88
A100: 45847 | B100: Cruickshank AL | C100: 30 | I100: =SUM(C100:G100) -> 30 | V100: =SUM(M100:T100) -> 0 | W100: =W99+I100-V100 -> 18606.88
A101: 45849 | I101: =SUM(C101:G101) -> 0 | K101: Direct debit | N101: 10 | V101: =SUM(M101:T101) -> 10 | W101: =W100+I101-V101 -> 18596.88
A102: 45853 | B102: Tweedale R & M | C102: 150 | I102: =SUM(C102:G102) -> 150 | V102: =SUM(M102:T102) -> 0 | W102: =W101+I102-V102 -> 18746.88
...

Sheet Balance Sheet 2024-25
A1: St. Margaret's Whiting Bay Isle of Arran Annual Balance Sheet 2024 - 25
C3: 2024-25 | D3: 2023-24 | H3: 2024-25 | I3: 2023-24
C4: £ | D4: £ | H4: £ | I4: £
A6: DONATIONS | C6: ='ACC''s 2024 - 25'!C128 -> 5960 | F6: ENERGY COSTS | H6: ='ACC''s 2024 - 25'!M128 -> 1410 | L6: BANK BALANCE
A7: WEEKLY COLLECTIONS | C7: ='ACC''s 2024 - 25'!D128 -> 2336 | F7: MARY'S MEALS | H7: ='ACC''s 2024 - 25'!N128 -> 120
A8: EPISCOPAL DIOCESE | C8: ='ACC''s 2024 - 25'!E128 -> 900 | F8: EPISCOPAL DIOCESE | H8: ='ACC''s 2024 - 25'!O128 -> 3154.5 | L8: OPENING BALANCE | P8: CLOSING BALANCE
A9: GIFT AID REC'D (HMRC) | C9: ='ACC''s 2024 - 25'!F128 -> 1717.66 | F9: ECLESIASTICAL | H9: ='ACC''s 2024 - 25'!P128 -> 751.41 | L9: 1st October 2024 | N9: ='ACC''s 2024 - 25'!W6 -> 9922.04 | P9: 30th September 2025 | R9: 19376.44
A10: SUNDRY INCOME | C10: ='ACC''s 2024 - 25'!G128 -> 5395.74 | F10: REDEMPTORIST PUBLICATIONS | H10: ='ACC''s 2024 - 25'!Q128 -> 103.95 | L10: Income for year | N10: =C16 -> 16309.4 | P10: Expenses for year | R10: ='ACC''s 2024 - 25'!V128 -> 6855
F11: GARDEN SERVICES | H11: ='ACC''s 2024 - 25'!R128 -> 840
F12: CHRIST CHURCH LOCHGILPHEAD | H12: ='ACC''s 2024 - 25'!S128 -> 150
F13: SUNDRY EXPENSES | H13: ='ACC''s 2024 - 25'!T128 -> 58.3
F14: REFUND OF VICAR'S EXPENSES | H14: ='ACC''s 2024 - 25'!U128 -> 266.84 | L14: Total | N14: =N9+N10 -> 26231.44 | P14: Total | R14: =SUM(R9:R13) -> 26231.44
A16: SUB TOTAL | C16: =SUM(C6:C15) -> 16309.4 | F16: SUB TOTAL | H16: =SUM(H6:H14) -> 6855
F17: PROFIT/LOSS | H17: ='ACC''s 2024 - 25'!I135 -> 9454.4
A21: BALANCE | C21: =C16+C17 -> 16309.4 | F21: BALANCE | H21: =H16+H17 -> 16309.4

Sheet Sheet1
B3: St. Margaret's Whiting Bay Isle of Arran Annual Balance Sheet 2024 - 25
D5: 2024-25 | H5: 2024-25
B6: INCOME | D6: £ | F6: EXPENDITURE | H6: £
B8: DONATIONS | D8: ='ACC''s 2024 - 25'!C128 -> 5960 | F8: ENERGY COSTS | H8: ='ACC''s 2024 - 25'!M128 -> 1410
B9: WEEKLY COLLECTIONS | D9: ='ACC''s 2024 - 25'!D128 -> 2336 | F9: MARY'S MEALS | H9: ='ACC''s 2024 - 25'!N128 -> 120
B10: EPISCOPAL DIOCESE | D10: ='ACC''s 2024 - 25'!E128 -> 900 | F10: EPISCOPAL DIOCESE | H10: ='ACC''s 2024 - 25'!O128 -> 3154.5
B11: GIFT AID REC'D (HMRC) | D11: ='ACC''s 2024 - 25'!F128 -> 1717.66 | F11: ECCLESIASTICAL | H11: ='ACC''s 2024 - 25'!P128 -> 751.41
B12: SUNDRY INCOME | D12: ='ACC''s 2024 - 25'!G128 -> 5395.74 | F12: REDEMPTORIST PUBLICATIONS | H12: ='ACC''s 2024 - 25'!Q128 -> 103.95
F13: GARDEN SERVICES | H13: ='ACC''s 2024 - 25'!R128 -> 840
F14: CHRIST CHURCH LOCHGILPHEAD | H14: ='ACC''s 2024 - 25'!S128 -> 150
F15: SUNDRY EXPENSES | H15: ='ACC''s 2024 - 25'!T128 -> 58.3
F16: REFUND OF VICAR'S EXPENSES | H16: ='ACC''s 2024 - 25'!U128 -> 266.84
B18: SUB TOTAL | D18: =SUM(D8:D17) -> 16309.4 | F18: SUB TOTAL | H18: =SUM(H8:H16) -> 6855
F19: PROFIT/LOSS | H19: ='ACC''s 2024 - 25'!I135 -> 9454.4
B23: BALANCE | D23: =D18+D19 -> 16309.4 | F23: BALANCE | H23: =H18+H19 -> 16309.4
B27: BANK BALANCE
B29: OPENING BALANCE | F29: CLOSING BALANCE
B30: 1st October 2024 | D30: 9922.04 | F30: 30th September 2025 | H30: 19376.44
B31: Income for year | D31: 16309.4 | F31: Expenses for year | H31: 6855
B35: Total | D35: 26231.44 | F35: Total | H35: 26231.44
